 Dungeon Crawl Stone Soup version 0.32-a0-913-g739538afd8 (webtiles) character file.

Game seed: 7628008270304423743

296 GiantSquids the Chopper (level 6, 0/51 HPs)
             Began as a Mountain Dwarf Fighter on Apr 7, 2024.
             Slain by Sigmund
             ... wielding a +0 scythe of freezing
              (1 damage)
             ... on level 3 of the Dungeon.
             The game lasted 00:03:39 (2051 turns).

GiantSquids the Chopper (Mountain Dwarf Fighter)    Turns: 2051, Time: 00:03:40

Health: 0/51       AC:  6    Str: 20    XL:     6   Next: 12%
Magic:  6/6        EV:  8    Int:  9    God:
Gold:   13         SH:  4    Dex:  9    Spells: 5/5 levels left

rFire   . . .        a - +0 war axe
rCold   . . .        c - +0 buckler
rNeg    . . .        b - +0 scale mail
rPois   .            (no helmet)
rElec   .            (no cloak)
rCorr   .            (no gloves)
SInv    .            (no boots)
Will    .....        (no amulet) Stlth
                     (no ring)
HPRegen 0.28/turn    (no ring)
MPRegen 0.10/turn

%: no passive effects
@: no status effects
A: runic magic, artefact enchanting
a: no special abilities


You were on level 3 of the Dungeon.
You visited 1 branch of the dungeon, and saw 3 of its levels.
You also visited: Sewer.

You collected 101 gold pieces.
You spent 88 gold pieces at shops.

Inventory:

Hand Weapons
 a - a +0 war axe (weapon)
Missiles
 o - 5 javelins (quivered)
 p - 15 stones
Armour
 b - a +0 scale mail (worn)
 c - a +0 buckler (worn)
 t - a +0 pair of gloves
Scrolls
 e - 2 scrolls of summoning {unknown}
 h - 5 scrolls of identify {unknown}
 i - a scroll of revelation {unknown}
 j - 3 scrolls of teleportation {unknown}
 k - a scroll of poison {unknown}
 l - a scroll of amnesia {unknown}
 m - a scroll of fear {unknown}
 n - a scroll of immolation {unknown}
 x - a scroll of fog {unknown}
Potions
 d - a potion of might
 f - 3 potions of attraction {unknown}
 g - 2 potions of curing
 q - a potion of lignification {unknown}
 r - a potion of brilliance {unknown}
 s - a potion of berserk rage {unknown}
 u - a potion of haste {unknown}
 v - a potion of magic {unknown}
 w - a potion of enlightenment {unknown}
 z - 2 potions of heal wounds


   Skills:
 - Level 3.2 Fighting
 + Level 7.8 Axes
 - Level 3.2 Armour
 - Level 3.2 Shields


You had 5 spell levels left.
You didn't know any spells.
Your spell library contained the following spells:

 Spells                   Type           Power      Damage    Failure   Level
 Inner Flame              Hex/Fire       0%         N/A       89%         3
 Irradiate                Conj/Alch      0%         3d11      100%        5
 Ignition                 Fire           0%         3d3       100%        8


Dungeon Overview and Level Annotations

Branches:
Dungeon (3/15)              Sewer (visited)

Altars:

Shops:
D:1 !   D:2 [

Annotations:
D:3 3 runed translucent doors, Sigmund; pokeman's ghost, weakling DEHW


Innate Abilities, Weirdness & Mutations

Your spellcasting is much less encumbered by armour.
You can use scrolls of enchantment on lesser artefacts.


Message History

Sigmund mumbles some strange words.
Sigmund flickers and vanishes!
Deactivating autopickup; reactivate with Ctrl-A.
Something tries to affect you, but you resist.
There is an open door, spattered with blood here.
Something hits you! Something freezes you.
You hear some strange, mumbled words.
You are confused.
You hear some strange, mumbled words.
A puff of flame appears from out of thin air!
The puff of flame hits you!
You miss something. Something hits you. Something freezes you.
You miss something. Something hits you but does no damage.
You're too confused to move!
You feel less confused.
You hear some strange, mumbled words.
Something tries to affect you, but you resist.
You closely miss something. Something hits you. Something freezes you.
You closely miss something. Something hits you. Something freezes you.
You slash something! Something hits you but does no damage.
You hit something. You closely miss something. Something hits you.
Something freezes you.
You hit something. Something hits you but does no damage.
You miss something.
You hear some strange, mumbled words.
A magic dart appears from out of thin air!
The magic dart hits you!
* * * LOW HITPOINT WARNING * * *
You closely miss something. Something hits you but does no damage.
You hit something but do no damage. You closely miss something.
You block something's attack.
You miss something.
You hear some strange, mumbled words.
A puff of flame appears from out of thin air!
The puff of flame hits you!
* * * LOW HITPOINT WARNING * * *
You miss something. Something hits you.
* * * LOW HITPOINT WARNING * * *
Something freezes you.
You die...

#...# #..####.#
#.......# #†####### ###
##'## ..# ##...## #.##
##.....## #..##
##.......##
#...####.......{@####...
.......+...>.....'......
#...####.........####...
#..## ##...)...## #.##
##.....## #.# ##...##
..# ##'## ### #.# # #.#


There were no monsters in sight!

Vanquished Creatures
  Pargi (D:3)
  A crocodile (Sewer)
  Terence (D:3)
  4 adders
  A dart slug (D:2)
  2 ribbon worms
  3 endoplasms
  9 giant cockroaches
  5 goblins
  2 hobgoblins
  5 jackals
  4 kobolds
  3 quokkas
  3 ball pythons
  A bat (D:3)
  3 rats (D:1)
48 creatures vanquished.

Notes
Turn   | Place    | Note
-------+----------+-------------------------------------------
     0 | D:1      | GiantSquids the Mountain Dwarf Fighter began the quest for
                  | the Orb.
     0 | D:1      | Reached XP level 1. HP: 19/19 MP: 1/1
    94 | D:1      | Reached skill level 3 in Axes
   229 | D:1      | Found Jaxox's Distillery.
   235 | D:1      | Bought a potion of curing for 33 gold pieces
   264 | D:1      | Reached XP level 2. HP: 26/26 MP: 2/2
   663 | D:2      | Reached skill level 4 in Axes
   755 | D:2      | Reached XP level 3. HP: 28/31 MP: 3/3
   971 | D:2      | Found Xarukhed's Armour Emporium.
  1227 | D:2      | Reached skill level 5 in Axes
  1402 | D:3      | Noticed Terence
  1413 | D:3      | Killed Terence
  1414 | D:3      | Reached XP level 4. HP: 25/38 MP: 4/4
  1543 | D:3      | Found a glowing drain.
  1566 | Sewer    | Entered a sewer
  1628 | Sewer    | Noticed a crocodile
  1635 | Sewer    | Killed a crocodile
  1636 | Sewer    | Reached skill level 7 in Axes
  1636 | Sewer    | Reached XP level 5. HP: 41/45 MP: 5/5
  1701 | D:3      | Found a runed translucent gate.
  1701 | D:3      | Noticed pokeman's ghost (weakling DEHW)
  1702 | D:3      | Found a runed translucent gate.
  1702 | D:3      | Found a runed translucent gate.
  1811 | D:1      | Bought a potion of heal wounds for 55 gold pieces
  1916 | D:3      | Noticed Pargi
  1928 | D:3      | Killed Pargi
  1929 | D:3      | Reached XP level 6. HP: 23/51 MP: 6/6
  1981 | D:3      | Noticed Sigmund
  2050 | D:3      | HP: 2/51 [something/puff of flame (8)]
  2051 | D:3      | Slain by Sigmund

Illustrated notes

Levels and vault maps discovered:
D:1:      erik_arrival_cave_to_civilisation [erik_arrival_cave_to_hall],
          layout_rooms, serial_shops, shop, hex_tiny
D:2:      layout_basic, serial_shops, nicolae_shop_hallway_stairs
D:3:      layout_loops_corners, gammafunk_ghost_nasty_kobolds,
          gup_sewer_entry_pipe, nicolae_the_louvre, uniq_pargi, uniq_grinder,
          uniq_terence, uniq_sigmund

Skill      XL: |  1  2  3  4 |
---------------+-------------+-----
Axes           | 3 4 5 7 |  7.8
Fighting       | |  3.2
Armour         | |  3.2
Shields        | |  3.2

Action                     |  1- 3 |  4- 6 || total
---------------------------+-------+-------++-------
  Melee: War axe           |    97 |    78 ||   175
 Armour: Scale mail        |    70 |    68 ||   138
  Dodge: Dodged            |    44 |    35 ||    79
  Block: Buckler           |    19 |    22 ||    41

Table legend: (Time is in decaauts)
 A = Elapsed time spent in this place.
 B = Non-inter-level travel time spent in this place.
 C = Inter-level travel time spent in this place.
 D = Time resting spent in this place.
 E = Time spent auto-exploring this place.
 F = Levels seen in this place.
 G = Mean time per level.
                   A        B        C        D        E       F      G
               +--------+--------+--------+--------+--------+-----+--------+
         Total |   2123 |   1910 |    213 |     42 |   1355 |   4 |  530.8 |
       Dungeon |   1992 |   1779 |    213 |     42 |   1309 |   3 |  664.0 |
         Sewer |    130 |    130 |      0 |      0 |     46 |   1 |  130.0 |
               +--------+--------+--------+--------+--------+-----+--------+

Top non-repeatable levels by time:
     D:2: 913 daAuts
     D:1: 609 daAuts
     D:3: 469 daAuts
   Sewer: 130 daAuts
